 Dungeon Crawl Stone Soup version 0.20-a0-705-gbe8799e (webtiles) character file.

132 RKaid the Gusty (level 4, 0/33 HPs)
             Began as a Demonspawn Wanderer on Feb 21, 2017.
             Succumbed to a worker ant's poison
             ... on level 3 of the Dungeon.
             The game lasted 00:07:46 (3345 turns).

RKaid the Gusty (Demonspawn Wanderer)               Turns: 3345, Time: 00:07:47

Health: 0/33       AC:  3    Str: 14 (16) XL:     4   Next: 92%
Magic:  7/7        EV: 11    Int: 10 (12) God:
Gold:   143        SH:  0    Dex: 13      Spells: 6/7 levels left

rFire    . . .     SeeInvis .   c - +0 spear
rCold    . . .     Gourm    .   d - +0 robe
rNeg     . . .     Faith    .   (no shield)
rPois    .         Spirit   .   (no helmet)
rElec    .         Reflect  .   (no cloak)
rCorr    .         Harm     .   (no gloves)
MR       .....                  k - +0 pair of boots
Stlth    ++........             (no amulet)
Regen    0.1/turn               (no ring)
MPRegen  0.1/turn               (no ring)

@: lethally poisoned (0 -> -9), flying
A: powered by death 1, powered by pain 1, slow regeneration 1, strong 1
a: no special abilities


You were on level 3 of the Dungeon.
You were not hungry.

You visited 1 branch of the dungeon, and saw 3 of its levels.

You collected 143 gold pieces.

Inventory:

Hand Weapons
 c - a +0 spear (weapon)
 e - a +0 dagger
 q - a +2 dagger of electrocution
   (You took it off a kobold on level 1 of the Dungeon)
Missiles
 o - a throwing net {=f}
Armour
 d - a +0 robe (worn)
 k - a +0 pair of boots (worn)
   (You found it on level 1 of the Dungeon)
 m - a +0 chain mail
   (You found it on level 1 of the Dungeon)
Scrolls
 h - 5 scrolls of identify {unknown}
 i - a scroll of blinking {unknown}
 j - 2 scrolls of amnesia {unknown}
 n - a scroll of teleportation {unknown}
 u - 2 scrolls of enchant weapon {unknown}
 w - a scroll of fear {unknown}
Books
 a - a book of Air
 b - the Incunabulum of Conjuration

   Spells                             Type                      Level
   a - Shock                          Conjuration/Air              1
   b - Conjure Flame                  Conjuration/Fire             3
Comestibles
 f - 5 bread rations
 g - 4 chunks of flesh
 t - a royal jelly
 v - a fruit


   Skills:
 - Level 2.2 Fighting
 - Level 3.0 Polearms
 - Level 1.7 Stealth
 + Level 2.4 Spellcasting
 + Level 1.8 Conjurations
 + Level 3.1 Air Magic


You had 6 spell levels left.
You knew the following spells:

 Your Spells              Type           Power        Failure   Level  Hunger
a - Shock                 Conj/Air       #...         12%         1    ##.....


Dungeon Overview and Level Annotations

Branches:
Dungeon (3/15)

Altars:
Gozag
Hepliaklqana
Kikubaaqudgha
Zin
The Shining One


Innate Abilities, Weirdness & Mutations

You regenerate a little health from kills.
You sometimes gain a little power by taking damage.
You regenerate slowly when monsters are visible.
Your muscles are strong. (Str +2)


Message History

You hit the orc but do no damage. The orc hits you with a hand axe.
You hit the orc. The orc closely misses you.
You hit the orc.
You kill the orc!
The bat hits you but does no damage.
No target in view!
No target in view!
No target in view!
The bat hits you but does no damage.
Things that are here:
a hand axe; an orc corpse You butcher the orc corpse.
The bat hits you but does no damage. The bat closely misses you.
Things that are here:
a hand axe; 4 chunks of flesh A bat is nearby!
A bat is nearby!
You closely miss the bat. The bat hits you.
Attack whom?
Press: ? - help, Dir - move target cursor, f - bat
Aim: a bat You reach to attack!
You closely miss the bat. The bat hits you but does no damage.
Attack whom?
Press: ? - help, Dir - move target cursor, f/p - bat
Aim: a bat You reach to attack!
You completely miss the bat. The bat barely misses you.
You closely miss the bat. The bat hits you but does no damage.
The bat barely misses you.
You barely miss the bat. The bat misses you.
Attack whom?
Press: ? - help, Dir - move target cursor, f/p - bat
Aim: a bat You reach to attack!
You closely miss the bat. The bat hits you but does no damage.
Attack whom?
Press: ? - help, Dir - move target cursor, f/p - bat
Aim: a bat You reach to attack!
You closely miss the bat. The bat hits you.
Attack whom?
Press: ? - help, Dir - move target cursor, f/p - bat
Aim: a bat You reach to attack!
You hit the bat but do no damage. The bat hits you.
You closely miss the bat. The bat completely misses you.
The bat closely misses you.
Attack whom?
Press: ? - help, Dir - move target cursor, f/p - bat
Aim: a bat You reach to attack!
You hit the bat. The bat barely misses you.
You hit the bat.
You kill the bat!
No target in view!
No target in view!
You butcher the bat corpse.
g - a chunk of flesh You see here a bat skeleton. x2
Eating a chunk of flesh.
You eat the chunk of flesh.
This raw flesh tastes terrible.
g - 4 chunks of flesh You see here a hand axe.
You see here a bat skeleton.
l - a viscous purple potion You see here 19 stones.
A worker ant comes into view.
A worker ant is nearby!
A worker ant is nearby!
The worker ant twitches its antennae in your direction.
Casting: Shock
Confirm with . or Enter, or press ? or * to list all spells.
Aiming: Shock
Press: ? - help, Shift-Dir - straight line, f - worker ant
Aim: a worker ant The zap hits the worker ant.
You hit the worker ant but do no damage.
The worker ant bites you. x2
You hit the worker ant but do no damage.
The worker ant bites you.
You hit the worker ant but do no damage.
The worker ant barely misses you.
You closely miss the worker ant. The worker ant bites you.
You are poisoned.
The worker ant poisons you!
You barely miss the worker ant.
You feel sick. The worker ant bites you.
* * * LOW HITPOINT WARNING * * *
You barely miss the worker ant.
* * * LOW HITPOINT WARNING * * *
You feel sick. The worker ant bites you.
* * * LOW HITPOINT WARNING * * *
It was a potion of mutation.
You feel extremely strange.
Your regeneration weakens near monsters.
You feel stronger. The worker ant barely misses you. The worker ant bites you.
* * * LOW HITPOINT WARNING * * *
It was a potion of flight.
You feel very buoyant.
You fly up into the air.
* * * LOW HITPOINT WARNING * * *
You feel sick. The worker ant barely misses you.
You barely miss the worker ant.
You die...

).... ... #?# #.#
#.# .. ##.#### #.#
#.....# #.#
#.a...# #.#
#.@.(.### #.#
###.###.####.# #
#....#..##..###...
#....#...#......#
#..รท.#......#####
#....).###.....#
#....#.###.###.##
#.<..#.##..# #..##
#....#.##.## ##..#


You could see a worker ant.

Vanquished Creatures
  A worker ant (D:3)
  2 adders (D:2)
  2 oozes (D:1)
  A dart slug (D:1)
  2 worms (D:2)
  An orc (D:3)
  12 bats
  5 giant cockroaches
  11 goblins
  7 hobgoblins
  7 jackals
  2 quokkas
  3 frilled lizards
  5 kobolds
  5 rats
66 creatures vanquished.

Notes
Turn   | Place    | Note
-------+----------+-------------------------------------------
     0 | D:1      | RKaid the Demonspawn Wanderer began the quest for the Orb.
     0 | D:1      | RKaid set off with: a book of Air, the Incunabulum of Conjuration, a +0 spear, a +0 robe, a +0 dagger, a bread ration
     0 | D:1      | Reached XP level 1. HP: 15/15 MP: 3/3
     3 | D:1      | Identified the Incunabulum of Conjuration
    16 | D:1      | Reached skill level 2 in Polearms
   188 | D:1      | Learned a level 1 spell: Shock
   289 | D:1      | Gained mutation: You regenerate a little health from kills. [demonic ancestry]
   289 | D:1      | Reached XP level 2. HP: 21/21 MP: 5/5
   728 | D:1      | Reached XP level 3. HP: 25/27 MP: 6/6
  1071 | D:1      | Reached skill level 1 in Conjurations
  1280 | D:2      | Found a glowing silver altar of Zin.
  1280 | D:2      | Found a glowing golden altar of the Shining One.
  1282 | D:2      | Found an opulent altar of Gozag.
  1282 | D:2      | Found an ancient bone altar of Kikubaaqudgha.
  1323 | D:2      | Reached skill level 2 in Fighting
  1881 | D:2      | Found a hazy altar of Hepliaklqana.
  1955 | D:2      | Reached skill level 3 in Polearms
  2176 | D:2      | Gained mutation: You sometimes gain a little power by taking damage. [demonic ancestry]
  2176 | D:2      | Reached XP level 4. HP: 30/33 MP: 7/7
  2717 | D:3      | Reached skill level 3 in Air Magic
  2914 | D:3      | HP: 7/33 [worker ant (3)]
  2945 | D:3      | HP: 8/33 [poisoned by a worker ant]
  2952 | D:3      | HP: 5/33 [poisoned by a worker ant]
  2959 | D:3      | HP: 4/33 [poisoned by a worker ant]
  2964 | D:3      | HP: 3/33 [poisoned by a worker ant]
  2969 | D:3      | HP: 3/33 [poisoned by a worker ant]
  2977 | D:3      | HP: 1/33 [poisoned by a worker ant]
  3342 | D:3      | HP: 8/33 [poisoned by a worker ant]
  3342 | D:3      | HP: 3/33 [worker ant (5)]
  3343 | D:3      | Gained mutation: You regenerate slowly when monsters are visible. [potion of mutation]
  3343 | D:3      | Gained mutation: Your muscles are strong. (Str +2) [potion of mutation]
  3344 | D:3      | HP: 1/33 [poisoned by a worker ant]
  3345 | D:3      | Succumbed to a worker ant's poison

Vault maps used:
D:1:      shiori_angband_town, minmay_tetromino_t2
D:2:      lemuel_doored_altar, grunt_temple_overflow_open
D:3:      lemuel_crystal_altar

Skill      XL: |  1  2  3  4 |
---------------+-------------+-----
Polearms       | 2 3 |  3.0
Conjurations   | 1 |  1.8
Fighting       | 2 |  2.2
Air Magic      | 3 |  3.1
Stealth        | |  1.7
Spellcasting   | |  2.4

Action                   |  1- 3 |  4- 6 || total
-------------------------+-------+-------++-------
Melee: Spear             |   171 |   130 ||   301
 Cast: Shock             |     1 |     1 ||     2
  Use: Potion            |       |     5 ||     5
 Stab: Sleeping          |     6 |     4 ||    10
  Eat: Chunk             |     4 |     4 ||     8
Armor: Robe              |    20 |    30 ||    50
Dodge: Dodged            |    45 |    65 ||   110

Vault maps used:
D:1:      shiori_angband_town, minmay_tetromino_t2
D:2:      lemuel_doored_altar, grunt_temple_overflow_open
D:3:      lemuel_crystal_altar

Table legend:
 A = Turns spent in this place as a percentage of turns spent in the entire game.
 B = Non-inter-level travel turns spent in this place as a percentage of non-inter-level travel turns spent in the entire game.
 C = Inter-level travel turns spent in this place as a percentage of turns spent in this place.
 D = Turns resting spent in this place as a percentage of non-inter-level travel turns spent in this place.
 E = Turns spent auto-exploring this place as a percentage of non-inter-level travel turns spent in this place.
 F = Non-inter-level travel turns spent in this place divided by the number of levels of this place that you've seen.
                   A       B       C       D       E      F
               +-------+-------+-------+-------+-------+----------------------
         Total | 100.0 | 100.0 |   0.1 |   4.0 |   6.1 | 327.3
       Dungeon | 100.0 | 100.0 |   0.1 |   4.0 |   6.1 | 327.3
               +-------+-------+-------+-------+-------+----------------------

Table legend:
 A = Kills in this place as a percentage of kills in entire the game.
 B = Kills by you in this place as a percentage of kills by you in the entire game.
 C = Kills by friends in this place as a percentage of kills by friends in the entire game.
 D = Other kills in this place as a percentage of other kills in the entire game.
 E = Experience gained in this place as a percentage of experience gained in the entire game.
 F = Experience gained in this place divided by the number of levels of this place that you have seen.
                   A       B       C       D       E      F
               +-------+-------+-------+-------+-------+----------------------
         Total | 100.0 | 100.0 |  -nan |  -nan | 100.0 |  63.0
       Dungeon | 100.0 | 100.0 |  -nan |  -nan | 100.0 |  63.0
               +-------+-------+-------+-------+-------+----------------------
